 Dungeon Crawl Stone Soup version 0.31-a0-1169-gd935f9fcdc (webtiles) character file.

Game seed: 3893887087132133375

107 GreatBamboolord the Digger (level 4, -3/25 HPs)
             Began as a Deep Elf Earth Elementalist on Dec 10, 2023.
             Slain by a gnoll bouda
             ... wielding a +2 whip of electrocution
              (7 damage)
             ... on level 3 of the Dungeon.
             The game lasted 00:03:23 (1854 turns).

GreatBamboolord the Digger (DEEE)                   Turns: 1854, Time: 00:03:23

Health: -3/25      AC:  5    Str:  5    XL:     4   Next: 56%
Magic:  4/11       EV: 13    Int: 22    God:
Gold:   85         SH:  0    Dex: 15    Spells: 4/10 levels left

rFire   . . .        a - +6 shillelagh "Devastator" {shatter}
rCold   . . .        (no shield)
rNeg    . . .        d - +0 robe
rPois   .            (no helmet)
rElec   .            c - +2 cloak
rCorr   .            (no gloves)
SInv    .            (no boots)
Will    .....        (no amulet)
Stlth   ++           (no ring)
HPRegen 0.24/turn    (no ring)
MPRegen 0.12/turn

%: no passive effects
@: no status effects
A: no striking features
a: no special abilities


You were on level 3 of the Dungeon.
You visited 1 branch of the dungeon, and saw 3 of its levels.

You collected 85 gold pieces.

Inventory:

Hand Weapons
 a - the +6 shillelagh "Devastator" (weapon) {shatter}
   (You found it on level 3 of the Dungeon)
 q - a +4 short sword
Armour
 c - a +2 cloak (worn)
 d - a +0 robe (worn)
Magical Staves
 b - a staff of conjuration
Scrolls
 i - a scroll of fear {unknown}
 j - a scroll of poison {unknown}
 l - a scroll of enchant weapon {unknown}
 m - a scroll of identify {unknown}
 p - a scroll of immolation {unknown}
Potions
 e - 2 potions of ambrosia {unknown}
 f - a potion of invisibility {unknown}
 g - 2 potions of cancellation {unknown}
 h - a potion of might {unknown}
 k - a potion of brilliance {unknown}
 n - a potion of heal wounds {unknown}
 o - a potion of degeneration {unknown}


   Skills:
 + Level 1.0 Fighting
 * Level 3.3 Dodging
 + Level 2.9 Stealth
 * Level 3.9 Spellcasting
 * Level 1.1 Conjurations
 + Level 1.8 Transmutations
 * Level 3.9 Earth Magic


You had 4 spell levels left.
You knew the following spells:

 Your Spells              Type           Power      Damage    Failure   Level
a - Sandblast             Erth           42%        2d11      2%          1
b - Passwall              Tmut/Erth      14%        N/A       5%          2
c - Stone Arrow           Conj/Erth      30%        3d8       12%         3

Your spell library contained the following spells:

 Spells                   Type           Power      Damage    Failure   Level
 Petrify                  Tmut/Erth      17%        N/A       34%         4
 Brom's Barrelling Bould  Conj/Erth      15%        2d4       36%         4


Dungeon Overview and Level Annotations

Branches:
Dungeon (3/15)

Altars:


Message History

Aim: a gnoll, wielding a +0 club (moderately wounded, 85% to hit)
The blast of sand hits the gnoll!
You kill the gnoll!
Your Conjurations skill increases to level 1!
Aiming: Sandblast (safe; 2% risk of failure)
Press: ? - help, Q - select action, (/) - cycle Shift-Dir - straight line, f - giant cockroach
Aim: a giant cockroach (heavily wounded, 83% to hit)
The blast of sand hits the giant cockroach!
You kill the giant cockroach!
The orc barely misses you.
Aiming: Sandblast (safe; 2% risk of failure)
Press: ? - help, Q - select action, (/) - cycle Shift-Dir - straight line, f - orc
Aim: an orc, wielding a +0 club (83% to hit)
The blast of sand hits the orc!
You kill the orc!
Unknown command.
Aiming: Sandblast (safe; 2% risk of failure)
Press: ? - help, Q - select action, (/) - cycle Shift-Dir - straight line, f - orc
Aim: an orc, wielding a +0 flail and wearing a +0 leather armour (83% to hit)
The blast of sand hits the orc.
The orc is heavily wounded.
The gnoll bouda barks out a call to the hunt!
The gnoll picks up the pace!
The orc hits you with a +0 flail.
* * * LOW HITPOINT WARNING * * *
The orc hits you with a +0 flail.
* * * LOW HITPOINT WARNING * * *
Aiming: Sandblast (safe; 2% risk of failure)
Press: ? - help, Q - select action, (/) - cycle Shift-Dir - straight line, f/p - orc
Aim: an orc, wielding a +0 flail and wearing a +0 leather armour (heavily wounded, 83% to hit)
The blast of sand hits the orc.
The orc is almost dead.
The orc barely misses you.
Aiming: Sandblast (safe; 2% risk of failure)
Press: ? - help, Q - select action, (/) - cycle Shift-Dir - straight line, f/p - orc
Aim: an orc, wielding a +0 flail and wearing a +0 leather armour (almost dead, 83% to hit)
The blast of sand hits the orc!
You kill the orc!
The gnoll bouda hits you with a +2 whip of electrocution!
You die...

##.#######.##.#
...##.........#
......###.....######...
#####.<........<.....#
#.###.....######## #.#
#.....# ##.###...###
##...#.....#########
##.............@gg..#
##.....<.......#####g#
#...........##.# #.#
#............#.# #B#
#.........##.#.##...oo..#
##.......###.#.##.$ggo..#
##.....## #.#.#....o...#
#....## #.#.......g....
#.#.### #.###.......[#..


You could see a gnoll bouda and 2 gnolls.

Vanquished Creatures
  Jessica (D:2)
  Terence (D:2)
  A gnoll (D:3)
  A dart slug (D:2)
  2 orcs (D:3)
  3 endoplasms
  3 giant cockroaches
  3 goblins
  2 hobgoblins (D:2)
  5 quokkas
  3 ball pythons
  4 bats
  5 frilled lizards
  4 kobolds
  8 rats
46 creatures vanquished.

Notes
Turn   | Place    | Note
-------+----------+-------------------------------------------
     0 | D:1      | GreatBamboolord the Deep Elf Earth Elementalist began the
                  | quest for the Orb.
     0 | D:1      | Reached XP level 1. HP: 10/10 MP: 6/6
   265 | D:1      | Reached XP level 2. HP: 15/15 MP: 6/8
   678 | D:1      | Learned a level 2 spell: Passwall
   848 | D:2      | Noticed Terence
   860 | D:2      | Killed Terence
   861 | D:2      | Reached XP level 3. HP: 3/20 MP: 8/10
   876 | D:2      | Learned a level 3 spell: Stone Arrow
   964 | D:2      | Noticed Jessica
   969 | D:2      | Killed Jessica
   970 | D:2      | Reached XP level 4. HP: 24/24 MP: 7/11
  1408 | D:2      | Reached skill level 1 in Fighting
  1745 | D:3      | Found the +6 shillelagh "Devastator" {shatter}
  1850 | D:3      | Reached skill level 1 in Conjurations
  1854 | D:3      | Slain by a gnoll bouda

Illustrated notes

Levels and vault maps discovered:
D:1:      dreamdust_arrival_beginning_and_end, layout_loops_ring, minmay_cut_off
D:2:      layout_basic, minmay_stone_trees_small, grunt_decor_mini_mirrors,
          fountainhead, solitary_fountain, uniq_jessica, uniq_terence
D:3:      layout_loops_ring, serial_shops, shop

Skill      XL: |  1  2  3  4 |
---------------+-------------+-----
Dodging        | 3 |  3.3
Fighting       | 1 |  1.0
Conjurations   | 1 |  1.1
Stealth        | |  2.9
Spellcasting   | |  3.9
Transmutations | |  1.8
Earth Magic    | |  3.9

Action                     |  1- 3 |  4- 6 || total
---------------------------+-------+-------++-------
   Cast: Sandblast         |    44 |    24 ||    68
    Use: Potion            |     1 |       ||     1
 Armour: Robe              |    10 |    11 ||    21
  Dodge: Dodged            |    10 |     6 ||    16

Table legend: (Time is in decaauts)
 A = Elapsed time spent in this place.
 B = Non-inter-level travel time spent in this place.
 C = Inter-level travel time spent in this place.
 D = Time resting spent in this place.
 E = Time spent auto-exploring this place.
 F = Levels seen in this place.
 G = Mean time per level.
                   A        B        C        D        E       F      G
               +--------+--------+--------+--------+--------+-----+--------+
         Total |   1886 |   1719 |    167 |     28 |   1403 |   3 |  628.7 |
       Dungeon |   1886 |   1719 |    167 |     28 |   1403 |   3 |  628.7 |
               +--------+--------+--------+--------+--------+-----+--------+

Top non-repeatable levels by time:
     D:2: 905 daAuts
     D:1: 862 daAuts
     D:3: 118 daAuts
